WCHLSIM.com - West Coast Hockey League
html PUBLIC "-//W3C//DTD XHTML 1.0 Transitional//EN" "http://www.w3.org/TR/xhtml1/DTD/xhtml1-transitional.dtd"> WCHL - Game 254 - SPOKANE KNIGHTS vs TEXAS TOROS

SPOKANE KNIGHTS vs TEXAS TOROS

Created - 17 novembre 2022 at 22:51

Goals
1 2 3 T
SPOKANE KNIGHTS 0 2 0 2
TEXAS TOROS 0 0 0 0
Shots
1 2 3 T
SPOKANE KNIGHTS 8 10 3 21
TEXAS TOROS 9 6 6 21

1st period

No Goal

Penalties :
Ryan Suter (TEX) for Tripping (Minor) at 5:22, Ryan Suter (TEX) for Tripping (Minor) at 8:46, Barrett Hayton (TEX) for Hooking (Minor) at 13:58, Nicolas Deslauriers (SPO) for Slashing (Minor) at 13:58, Dmitri Jaskin (SPO) for Roughing (Minor) at 16:01, Erik Gustafsson (TEX) for Roughing (Minor) at 18:19, Alex Formenton (SPO) for Hooking (Minor) at 18:19

2nd period

1. SPOKANE KNIGHTS , Luke Glendening 2 (Nick Bjugstad 2, Jimmy Vesey 2) at 3:02
2. SPOKANE KNIGHTS , Sebastian Aho 12 (Corey Perry 5, Cale Makar 15) at 18:32

Penalties :
No Penalty

3rd period

No Goal

Penalties :
Nicolas Deslauriers (SPO) for Hooking (Minor) at 1:54

Goalie Stats

Frederik Andersen (SPO), 21 saves from 21 shots - (1,000), W, 6-5-2, 60:00 minutes
Adin Hill (TEX), 19 saves from 21 shots - (0,905), L, 0-3-0, 60:00 minutes

Players Stats for SPOKANE KNIGHTS

Player Name              G  A  P  +/- PIM S  H  SB GA TA FO     MP     PP MP  PK MP  
------------------------------------------------------------------------------------
Alex Formenton           0  0  0   1  2   2  1  0  0  0  1/2    19:01   1:37   0:00 
Cale Makar               0  1  1   1  0   2  2  0  0  0  0/0    23:31   2:08   0:00 
Corey Perry              0  1  1   1  0   1  1  0  0  0  0/0    19:02   1:37   0:00 
Dmitri Jaskin            0  0  0   0  2   0  6  0  0  0  0/0     8:42   0:00   0:00 
Erik Brannstrom          0  0  0   0  0   1  0  0  0  0  0/0    22:26   2:08   2:03 
Evan Bouchard            0  0  0   1  0   0  1  0  0  0  0/0    24:52   1:50   2:03 
Jimmy Vesey              0  1  1   1  0   0  0  0  0  0  0/1    10:34   0:21   1:53 
Joseph Veleno            0  0  0   0  0   0  3  0  0  0  0/0    10:09   1:37   0:00 
Kris Russell             0  0  0   0  0   1  1  1  0  0  0/0    19:38   0:00   1:55 
Luke Glendening          1  0  1   1  0   3  1  0  0  0  9/13   11:39   0:00   2:05 
Maxim Mamin              0  0  0   0  0   0  1  0  0  0  8/17   14:23   0:00   0:00 
Michael Stone            0  0  0   1  0   0  0  0  0  0  0/0    14:21   0:00   1:55 
Mitchell Stephens        0  0  0   0  0   1  0  0  0  0  6/15   10:24   0:00   1:53 
Nick Bjugstad            0  1  1   1  0   1  1  0  0  0  0/0     9:52   0:00   2:05 
Nick Foligno             0  0  0   0  0   2  0  0  0  0  3/3    18:47   2:00   0:00 
Nicolas Deslauriers      0  0  0   1  4   0  6  0  0  0  0/0    14:11   1:50   0:00 
Sebastian Aho            1  0  1   1  0   4  0  1  0  0  17/26  21:57   2:21   0:00 
Tanner Pearson           0  0  0   0  0   3  0  0  0  0  0/0    18:31   2:21   0:00 

Players Stats for TEXAS TOROS

Player Name              G  A  P  +/- PIM S  H  SB GA TA FO     MP     PP MP  PK MP  
------------------------------------------------------------------------------------
Barrett Hayton           0  0  0   0  2   4  1  0  0  0  0/0    15:58   1:48   1:34 
Brandon Duhaime          0  0  0   0  0   1  2  0  0  0  0/0     8:08   0:00   0:39 
Connor Bunnaman          0  0  0  -2  0   0  1  0  0  0  6/11   12:25   0:00   0:00 
Dante Fabbro             0  0  0   0  0   1  0  2  0  0  0/0    22:06   1:48   1:54 
Eetu Luostarinen         0  0  0   0  0   2  0  1  0  0  12/21  17:27   1:48   1:45 
Erik Gustafsson          0  0  0  -2  2   0  0  0  0  0  0/0    14:47   0:00   1:37 
Jason Zucker             0  0  0   0  0   3  1  0  0  0  1/3    18:41   2:10   0:00 
Miles Wood               0  0  0  -2  0   0  3  0  0  0  0/1    12:25   0:00   0:00 
Nate Schmidt             0  0  0   0  0   0  3  2  0  0  0/0    23:21   2:10   2:08 
Owen Power               0  0  0  -2  0   0  0  0  0  0  0/0    15:20   0:00   0:43 
Philippe Myers           0  0  0   0  0   0  0  0  0  0  0/0     1:05   0:00   0:00 
Ryan Poehling            0  0  0   0  0   1  0  0  0  0  2/6     7:29   0:00   0:00 
Ryan Suter               0  0  0   0  4   1  2  2  0  0  0/0    22:37   2:10   0:00 
Taylor Raddysh           0  0  0   0  0   0  1  0  0  0  0/1    20:42   1:48   0:00 
Trevor Zegras            0  0  0   0  0   5  2  0  0  0  10/28  23:18   2:10   2:24 
Tyson Barrie             0  0  0   0  0   0  1  1  0  0  0/0    21:46   1:48   1:34 
Vladislav Namestnikov    0  0  0   0  0   3  1  0  0  0  1/4    22:00   2:10   1:34 
Yegor Chinakhov          0  0  0  -2  0   0  1  0  0  0  1/2    12:25   0:00   0:00 

3 Stars

1 - Frederik Andersen (SPO)
2 - Luke Glendening (SPO)
3 - Sebastian Aho (SPO)

Power Play

SPOKANE KNIGHTS - 0 on 2 Attempt(s) - 0,00%
TEXAS TOROS - 0 on 2 Attempt(s) - 0,00%

Penalty Kill

SPOKANE KNIGHTS - 2 on 2 Attempt(s) - 100,00% - Score 0 goal in Penalty Kill
TEXAS TOROS - 2 on 2 Attempt(s) - 100,00% - Score 0 goal in Penalty Kill

Team Stat

SPOKANE KNIGHTS - Hits : 24 - Faceoff Wins : 44 - Blocked Shots : 2 - Penalty Minutes : 8
TEXAS TOROS - Hits : 19 - Faceoff Wins : 33 - Blocked Shots : 8 - Penalty Minutes : 8

Official

Referees : Michael Markovic and Conor O'Donnell
Linesman : Tyson Baker and Robb Harrell

Game Notes

No Game Note

Finance

Level 1 -- Attendance: 5447 (83,80%) -- Ticket Income 925 990 $
Level 2 -- Attendance: 4373 (79,51%) -- Ticket Income 524 760 $
Level 3 -- Attendance: 2039 (67,97%) -- Ticket Income 183 510 $
Level 4 -- Attendance: 4716 (94,32%) -- Ticket Income 282 960 $
Luxury Box -- Attendance: 623 (62,30%) -- Ticket Income 249 200 $
Game was played at the Red Bull Arena.
Total Attendance: 17198 (81,90%)
Total Ticket Income: 2 166 420 $
Other Expense: 21 664 $
Total Income: 2 144 756 $

SPOKANE KNIGHTS

5 vs 5 Forward 
   Center                   Left Wing                Right Wing               Time % Phy DF OF 
 1 Sebastian Aho            Alex Formenton           Corey Perry              45     0   1  4  
 2 Maxim Mamin              Tanner Pearson           Nick Foligno             35     1   3  1  
 3 Luke Glendening          Jimmy Vesey              Nick Bjugstad            10     1   3  1  
 4 Mitchell Stephens        Dmitri Jaskin            Joseph Veleno            10     1   3  1  

5 vs 5 Defense 
   Defense                  Defense                                           Time % Phy DF OF 
 1 Cale Makar               Evan Bouchard                                     35     1   2  2  
 2 Kris Russell             Erik Brannstrom                                   35     1   2  2  
 3 Michael Stone            Nicolas Deslauriers                               15     1   3  1  
 4 Cale Makar               Evan Bouchard                                     15     1   3  1  

PowerPlay Forward 
   Center                   Left Wing                Right Wing               Time % Phy DF OF 
 1 Sebastian Aho            Tanner Pearson           Nick Foligno             60     1   1  3  
 2 Nick Foligno             Alex Formenton           Corey Perry              40     1   1  3  

PowerPlay Defense
   Defense                  Defense                                           Time % Phy DF OF 
 1 Cale Makar               Erik Brannstrom                                   60     0   1  4  
 2 Evan Bouchard            Nicolas Deslauriers                               40     0   1  4  

Penalty Kill 4 Players Forward 
   Center                   Wing                     Time % Phy DF OF 
 1 Luke Glendening          Nick Bjugstad            50     1   3  1  
 2 Mitchell Stephens        Jimmy Vesey              50     1   3  1  

Penalty Kill 4 Players Defense
   Defense                  Defense                  Time % Phy DF OF 
 1 Michael Stone            Kris Russell             60     1   3  1  
 2 Erik Brannstrom          Evan Bouchard            40     1   3  1  

Penalty Kill - 3 Players Forward 
   Forward                                           Time % Phy DF OF 
 1 Sebastian Aho                                     60     0   5  0  
 2 Luke Glendening                                   40     0   5  0  

Penalty Kill - 3 Players Defense
   Defense                  Defense                  Time % Phy DF OF 
 1 Michael Stone            Kris Russell             60     0   5  0  
 2 Cale Makar               Evan Bouchard            40     0   5  0  

4 vs 4 Forward 
   Center                   Wing                     Time % Phy DF OF 
 1 Sebastian Aho            Nick Foligno             50     1   2  2  
 2 Luke Glendening          Tanner Pearson           50     1   2  2  

4 vs 4 Defense
   Defense                  Defense                  Time % Phy DF OF 
 1 Cale Makar               Evan Bouchard            60     1   2  2  
 2 Erik Brannstrom          Nicolas Deslauriers      40     1   2  2  

Last Minutes Offensive
   Center                   Left Wing                Right Wing               Defense                  Defense                  
   Sebastian Aho            Tanner Pearson           Corey Perry              Cale Makar               Evan Bouchard            

Last Minutes Defensive
   Center                   Left Wing                Right Wing               Defense                  Defense                  
   Sebastian Aho            Tanner Pearson           Corey Perry              Cale Makar               Evan Bouchard            

Goaltenders
Starting : Frederik Andersen        
Backup : David Rittich            

Extra Forwards
Normal : Nick Foligno, Sebastian Aho, Joseph Veleno - PP : Sebastian Aho, Joseph Veleno - PK : Luke Glendening
Extra Defensemen
Normal : Kris Russell, Erik Brannstrom, Nicolas Deslauriers - PP : Michael Stone - PK : Nicolas Deslauriers, Erik Brannstrom
Penalty Shots
Sebastian Aho, Joseph Veleno, Jimmy Vesey, Nick Bjugstad, Tanner Pearson
Custom OT Lines Forwards
Sebastian Aho, Joseph Veleno, Tanner Pearson, Luke Glendening, Corey Perry, Nick Foligno, Alex Formenton, Maxim Mamin, Jimmy Vesey, Nick Bjugstad
Custom OT Lines Defensemen
Cale Makar, Evan Bouchard, Michael Stone, Nicolas Deslauriers, Kris Russell

Scratches
Matthew Tkachuk (Torn Right Knee Ligaments Injury), Ryan Ellis (Bruised Left Shoulder Injury)

TEXAS TOROS

5 vs 5 Forward 
   Center                   Left Wing                Right Wing               Time % Phy DF OF 
 1 Trevor Zegras            Vladislav Namestnikov    Jason Zucker             36     1   2  2  
 2 Eetu Luostarinen         Barrett Hayton           Taylor Raddysh           31     1   2  2  
 3 Ryan Poehling            Brandon Duhaime          Taylor Raddysh           23     1   2  2  
 4 Connor Bunnaman          Miles Wood               Yegor Chinakhov          10     1   2  2  

5 vs 5 Defense 
   Defense                  Defense                                           Time % Phy DF OF 
 1 Ryan Suter               Nate Schmidt                                      36     1   2  2  
 2 Tyson Barrie             Dante Fabbro                                      31     1   2  2  
 3 Owen Power               Erik Gustafsson                                   23     1   2  2  
 4 Ryan Suter               Nate Schmidt                                      10     1   2  2  

PowerPlay Forward 
   Center                   Left Wing                Right Wing               Time % Phy DF OF 
 1 Trevor Zegras            Vladislav Namestnikov    Jason Zucker             55     1   2  2  
 2 Eetu Luostarinen         Barrett Hayton           Taylor Raddysh           45     1   2  2  

PowerPlay Defense
   Defense                  Defense                                           Time % Phy DF OF 
 1 Ryan Suter               Nate Schmidt                                      55     1   2  2  
 2 Tyson Barrie             Dante Fabbro                                      45     1   2  2  

Penalty Kill 4 Players Forward 
   Center                   Wing                     Time % Phy DF OF 
 1 Trevor Zegras            Eetu Luostarinen         55     1   2  2  
 2 Vladislav Namestnikov    Barrett Hayton           45     1   2  2  

Penalty Kill 4 Players Defense
   Defense                  Defense                  Time % Phy DF OF 
 1 Ryan Suter               Nate Schmidt             55     1   2  2  
 2 Tyson Barrie             Dante Fabbro             45     1   2  2  

Penalty Kill - 3 Players Forward 
   Forward                                           Time % Phy DF OF 
 1 Trevor Zegras                                     55     1   2  2  
 2 Eetu Luostarinen                                  45     1   2  2  

Penalty Kill - 3 Players Defense
   Defense                  Defense                  Time % Phy DF OF 
 1 Ryan Suter               Nate Schmidt             55     1   2  2  
 2 Tyson Barrie             Dante Fabbro             45     1   2  2  

4 vs 4 Forward 
   Center                   Wing                     Time % Phy DF OF 
 1 Trevor Zegras            Eetu Luostarinen         55     1   2  2  
 2 Vladislav Namestnikov    Barrett Hayton           45     1   2  2  

4 vs 4 Defense
   Defense                  Defense                  Time % Phy DF OF 
 1 Ryan Suter               Nate Schmidt             55     1   2  2  
 2 Tyson Barrie             Dante Fabbro             45     1   2  2  

Last Minutes Offensive
   Center                   Left Wing                Right Wing               Defense                  Defense                  
   Trevor Zegras            Vladislav Namestnikov    Jason Zucker             Ryan Suter               Nate Schmidt             

Last Minutes Defensive
   Center                   Left Wing                Right Wing               Defense                  Defense                  
   Trevor Zegras            Vladislav Namestnikov    Jason Zucker             Ryan Suter               Nate Schmidt             

Goaltenders
Starting : Adin Hill                
Backup : Jakub Skarek             

Extra Forwards
Normal : Taylor Raddysh, Ryan Poehling, Brandon Duhaime - PP : Taylor Raddysh, Ryan Poehling - PK : Brandon Duhaime
Extra Defensemen
Normal : Owen Power, Erik Gustafsson, Tyson Barrie - PP : Owen Power - PK : Erik Gustafsson, Tyson Barrie
Penalty Shots
Trevor Zegras, Eetu Luostarinen, Vladislav Namestnikov, Barrett Hayton, Jason Zucker
Custom OT Lines Forwards
Trevor Zegras, Eetu Luostarinen, Vladislav Namestnikov, Barrett Hayton, Jason Zucker, Miles Wood, Taylor Raddysh, Ryan Poehling, Brandon Duhaime, Yegor Chinakhov
Custom OT Lines Defensemen
Ryan Suter, Nate Schmidt, Tyson Barrie, Dante Fabbro, Owen Power

Scratches
Alec Martinez (Left Hand Injury), Richard Panik (Strained Back Injury), Philipp Grubauer (Healthy)

% Time on Ice - SPOKANE KNIGHTS

Lines # - Real PCT - Wanted PCT - Time Play
Normal Forward
1 - 36% - 45% - 17:25
2 - 30% - 35% - 14:23
3 - 16% - 10% - 7:47
4 - 18% - 10% - 8:31
Normal Defense
1 - 30% - 35% - 14:33
2 - 35% - 35% - 16:48
3 - 26% - 15% - 12:33
4 - 9% - 15% - 4:12
PP Forward
1 - 59% - 60% - 2:21
2 - 41% - 40% - 1:37
PP Defense
1 - 54% - 60% - 2:08
2 - 46% - 40% - 1:50
PK Forward
1 - 53% - 50% - 2:05
2 - 47% - 50% - 1:53
PK Defense
1 - 48% - 60% - 1:55
2 - 52% - 40% - 2:03
PK3 Forward
1 - 0% - 60%
2 - 0% - 40%
PK3 Defense
1 - 0% - 60%
2 - 0% - 40%
44 Forward
1 - 55% - 50% - 2:11
2 - 45% - 50% - 1:47
44 Defense
1 - 56% - 60% - 2:13
2 - 44% - 40% - 1:45
Last Minute Offensive  - 0:00
Last Minute Defensive  - 0:00
Total
Forward - 60:00
Defense - 60:00

% Time on Ice - TEXAS TOROS

Lines # - Real PCT - Wanted PCT - Time Play
Normal Forward
1 - 34% - 36% - 16:31
2 - 24% - 31% - 11:41
3 - 16% - 23% - 7:29
4 - 26% - 10% - 12:25
Normal Defense
1 - 32% - 36% - 15:25
2 - 37% - 31% - 17:53
3 - 27% - 23% - 13:11
4 - 3% - 10% - 1:37
PP Forward
1 - 55% - 55% - 2:10
2 - 45% - 45% - 1:48
PP Defense
1 - 55% - 55% - 2:10
2 - 45% - 45% - 1:48
PK Forward
1 - 61% - 55% - 2:24
2 - 39% - 45% - 1:34
PK Defense
1 - 76% - 55% - 3:01
2 - 24% - 45% - 0:57
PK3 Forward
1 - 0% - 55%
2 - 0% - 45%
PK3 Defense
1 - 0% - 55%
2 - 0% - 45%
44 Forward
1 - 56% - 55% - 2:13
2 - 44% - 45% - 1:45
44 Defense
1 - 60% - 55% - 2:22
2 - 40% - 45% - 1:36
Last Minute Offensive  - 0:00
Last Minute Defensive  - 0:00
Total
Forward - 60:00
Defense - 60:00

Play-by-Play

1st period


0:01 of 1st period - Sebastian Aho wins face-off versus Trevor Zegras in neutral zone.
0:20 of 1st period - Nate Schmidt is hit by Corey Perry and loses puck.
1:48 of 1st period - Shot by Taylor Raddysh.
1:48 of 1st period - Shot Misses the Net.
1:50 of 1st period - Shot by Dante Fabbro.
1:50 of 1st period - Stopped by Frederik Andersen without a rebound.
1:51 of 1st period - Luke Glendening wins face-off versus Connor Bunnaman in SPOKANE KNIGHTS zone.
1:51 of 1st period - Luke Glendening is hit by Yegor Chinakhov.
1:57 of 1st period - Shot by Nick Bjugstad.
1:57 of 1st period - Stopped by Adin Hill with a rebound.
2:39 of 1st period - Nicolas Deslauriers is hit by Brandon Duhaime and loses puck.
2:50 of 1st period - Icing by Dante Fabbro.
2:51 of 1st period - Mitchell Stephens wins face-off versus Ryan Poehling in TEXAS TOROS zone.
2:57 of 1st period - Tyson Barrie is hit by Joseph Veleno.
3:00 of 1st period - Dante Fabbro is hit by Evan Bouchard and loses puck.
3:10 of 1st period - Icing by Evan Bouchard.
3:11 of 1st period - Trevor Zegras wins face-off versus Mitchell Stephens in SPOKANE KNIGHTS zone.
3:43 of 1st period - Icing by Trevor Zegras.
3:44 of 1st period - Jason Zucker wins face-off versus Maxim Mamin in TEXAS TOROS zone.
4:01 of 1st period - Shot by Nick Foligno.
4:01 of 1st period - Stopped by Adin Hill without a rebound.
4:02 of 1st period - Eetu Luostarinen wins face-off versus Sebastian Aho in TEXAS TOROS zone.
4:07 of 1st period - Shot by Eetu Luostarinen.
4:07 of 1st period - Shot Blocked by Sebastian Aho.
4:09 of 1st period - Shot by Eetu Luostarinen.
4:09 of 1st period - Deflect By Barrett Hayton.
4:09 of 1st period - Stopped by Frederik Andersen with a rebound.
4:11 of 1st period - Shot by Eetu Luostarinen.
4:11 of 1st period - Stopped by Frederik Andersen without a rebound.
4:12 of 1st period - Maxim Mamin wins face-off versus Eetu Luostarinen in SPOKANE KNIGHTS zone.
5:12 of 1st period - Sebastian Aho is hit by Nate Schmidt and loses puck.
5:22 of 1st period - Minor Penalty to Ryan Suter for Tripping.
5:23 of 1st period - Sebastian Aho wins face-off versus Eetu Luostarinen in TEXAS TOROS zone.
6:25 of 1st period - Dante Fabbro is hit by Joseph Veleno and loses puck.
7:24 of 1st period - Icing by Kris Russell.
7:25 of 1st period - Luke Glendening wins face-off versus Connor Bunnaman in SPOKANE KNIGHTS zone.
7:38 of 1st period - Shot by Luke Glendening.
7:38 of 1st period - Stopped by Adin Hill without a rebound.
7:39 of 1st period - Mitchell Stephens wins face-off versus Ryan Poehling in TEXAS TOROS zone.
8:22 of 1st period - Icing by Taylor Raddysh.
8:23 of 1st period - Maxim Mamin wins face-off versus Ryan Poehling in TEXAS TOROS zone.
8:42 of 1st period - Shot by Tanner Pearson.
8:42 of 1st period - Stopped by Adin Hill without a rebound.
8:43 of 1st period - Trevor Zegras wins face-off versus Sebastian Aho in TEXAS TOROS zone.
8:45 of 1st period - Icing by Jason Zucker.
8:46 of 1st period - Sebastian Aho wins face-off versus Trevor Zegras in TEXAS TOROS zone.
8:46 of 1st period - Minor Penalty to Ryan Suter for Tripping.
8:47 of 1st period - Sebastian Aho wins face-off versus Trevor Zegras in TEXAS TOROS zone.
8:48 of 1st period - Shot by Cale Makar.
8:48 of 1st period - Shot Blocked by Eetu Luostarinen.
9:30 of 1st period - Shot by Cale Makar.
9:30 of 1st period - Shot Blocked by Nate Schmidt.
11:02 of 1st period - Shot by Luke Glendening.
11:02 of 1st period - Shot Blocked by Ryan Suter.
11:04 of 1st period - Shot by Jimmy Vesey.
11:04 of 1st period - Shot Misses the Net.
11:06 of 1st period - Shot by Kris Russell.
11:06 of 1st period - Stopped by Adin Hill without a rebound.
11:07 of 1st period - Mitchell Stephens wins face-off versus Connor Bunnaman in TEXAS TOROS zone.
12:03 of 1st period - Shot by Ryan Poehling.
12:03 of 1st period - Stopped by Frederik Andersen without a rebound.
12:04 of 1st period - Sebastian Aho wins face-off versus Jason Zucker in SPOKANE KNIGHTS zone.
12:08 of 1st period - Icing by Sebastian Aho.
12:09 of 1st period - Trevor Zegras wins face-off versus Sebastian Aho in SPOKANE KNIGHTS zone.
12:24 of 1st period - Shot by Jason Zucker.
12:24 of 1st period - Stopped by Frederik Andersen without a rebound.
12:25 of 1st period - Eetu Luostarinen wins face-off versus Maxim Mamin in SPOKANE KNIGHTS zone.
12:32 of 1st period - Shot by Eetu Luostarinen.
12:32 of 1st period - Stopped by Frederik Andersen with a rebound.
12:51 of 1st period - Off-side.
12:52 of 1st period - Sebastian Aho wins face-off versus Jason Zucker in neutral zone.
12:57 of 1st period - Shot by Sebastian Aho.
12:57 of 1st period - Deflect By Alex Formenton.
12:57 of 1st period - Stopped by Adin Hill without a rebound.
12:58 of 1st period - Sebastian Aho wins face-off versus Trevor Zegras in TEXAS TOROS zone.
13:06 of 1st period - Tyson Barrie is hit by Alex Formenton and loses puck.
13:35 of 1st period - Shot by Jason Zucker.
13:35 of 1st period - Stopped by Frederik Andersen without a rebound.
13:36 of 1st period - Maxim Mamin wins face-off versus Eetu Luostarinen in SPOKANE KNIGHTS zone.
13:48 of 1st period - Icing by Nate Schmidt.
13:49 of 1st period - Eetu Luostarinen wins face-off versus Luke Glendening in TEXAS TOROS zone.
13:49 of 1st period - Eetu Luostarinen is hit by Nick Bjugstad.
13:58 of 1st period - Minor Penalty to Barrett Hayton for Hooking.
13:58 of 1st period - Minor Penalty to Nicolas Deslauriers for Slashing.
13:59 of 1st period - Sebastian Aho wins face-off versus Trevor Zegras in SPOKANE KNIGHTS zone.
14:01 of 1st period - Icing by Cale Makar.
14:02 of 1st period - Trevor Zegras wins face-off versus Sebastian Aho in SPOKANE KNIGHTS zone.
14:56 of 1st period - Icing by Sebastian Aho.
14:57 of 1st period - Vladislav Namestnikov wins face-off versus Sebastian Aho in SPOKANE KNIGHTS zone.
15:15 of 1st period - Tyson Barrie is hit by Luke Glendening and loses puck.
15:28 of 1st period - Shot by Vladislav Namestnikov.
15:28 of 1st period - Shot Misses the Net.
15:30 of 1st period - Shot by Tyson Barrie.
15:30 of 1st period - Shot Misses the Net.
15:32 of 1st period - Shot by Vladislav Namestnikov.
15:32 of 1st period - Stopped by Frederik Andersen with a rebound.
15:34 of 1st period - Shot by Dante Fabbro.
15:34 of 1st period - Shot Misses the Net.
15:36 of 1st period - Shot by Tyson Barrie.
15:36 of 1st period - Deflect By Vladislav Namestnikov.
15:36 of 1st period - Shot Misses the Net.
15:59 of 1st period - Icing by Trevor Zegras.
16:00 of 1st period - Connor Bunnaman wins face-off versus Mitchell Stephens in TEXAS TOROS zone.
16:00 of 1st period - Yegor Chinakhov is hit by Dmitri Jaskin and loses puck.
16:01 of 1st period - Minor Penalty to Dmitri Jaskin for Roughing.
16:02 of 1st period - Trevor Zegras wins face-off versus Mitchell Stephens in SPOKANE KNIGHTS zone.
16:29 of 1st period - Shot by Trevor Zegras.
16:29 of 1st period - Stopped by Frederik Andersen without a rebound.
16:30 of 1st period - Eetu Luostarinen wins face-off versus Jimmy Vesey in SPOKANE KNIGHTS zone.
16:59 of 1st period - Icing by Eetu Luostarinen.
17:00 of 1st period - Eetu Luostarinen wins face-off versus Mitchell Stephens in TEXAS TOROS zone.
18:15 of 1st period - Corey Perry is hit by Connor Bunnaman and loses puck.
18:19 of 1st period - Minor Penalty to Erik Gustafsson for Roughing.
18:19 of 1st period - Minor Penalty to Alex Formenton for Hooking.
18:20 of 1st period - Sebastian Aho wins face-off versus Trevor Zegras in TEXAS TOROS zone.
18:37 of 1st period - Shot by Sebastian Aho.
18:37 of 1st period - Stopped by Adin Hill without a rebound.
18:38 of 1st period - Luke Glendening wins face-off versus Vladislav Namestnikov in TEXAS TOROS zone.
18:51 of 1st period - Shot by Cale Makar.
18:51 of 1st period - Shot Misses the Net.
19:13 of 1st period - Shot by Cale Makar.
19:13 of 1st period - Stopped by Adin Hill with a rebound.
19:15 of 1st period - Shot by Cale Makar.
19:15 of 1st period - Shot Blocked by Ryan Suter.
Goals for this period are 0 for SPOKANE KNIGHTS vs 0 for TEXAS TOROS.
Shots for this period are 8 for SPOKANE KNIGHTS vs 9 for TEXAS TOROS.

2nd period


0:01 of 2nd period - Luke Glendening wins face-off versus Trevor Zegras in neutral zone.
0:45 of 2nd period - Shot by Corey Perry.
0:45 of 2nd period - Shot Misses the Net.
0:49 of 2nd period - Shot by Alex Formenton.
0:49 of 2nd period - Stopped by Adin Hill without a rebound.
0:50 of 2nd period - Maxim Mamin wins face-off versus Trevor Zegras in TEXAS TOROS zone.
0:53 of 2nd period - Shot by Tanner Pearson.
0:53 of 2nd period - Stopped by Adin Hill without a rebound.
0:54 of 2nd period - Trevor Zegras wins face-off versus Maxim Mamin in TEXAS TOROS zone.
1:00 of 2nd period - Shot by Maxim Mamin.
1:00 of 2nd period - Shot Blocked by Nate Schmidt.
1:05 of 2nd period - Tanner Pearson is hit by Ryan Suter and loses puck.
1:11 of 2nd period - Tanner Pearson is hit by Nate Schmidt and loses puck.
1:21 of 2nd period - Ryan Suter is hit by Cale Makar and loses puck.
1:27 of 2nd period - Tanner Pearson is hit by Trevor Zegras and loses puck.
1:49 of 2nd period - Icing by Nate Schmidt.
1:50 of 2nd period - Sebastian Aho wins face-off versus Trevor Zegras in TEXAS TOROS zone.
1:51 of 2nd period - Shot by Corey Perry.
1:51 of 2nd period - Stopped by Adin Hill without a rebound.
1:52 of 2nd period - Sebastian Aho wins face-off versus Eetu Luostarinen in TEXAS TOROS zone.
1:59 of 2nd period - Shot by Alex Formenton.
1:59 of 2nd period - Shot Misses the Net.
2:01 of 2nd period - Shot by Kris Russell.
2:01 of 2nd period - Shot Misses the Net.
2:03 of 2nd period - Shot by Sebastian Aho.
2:03 of 2nd period - Shot Blocked by Dante Fabbro.
2:05 of 2nd period - Shot by Kris Russell.
2:05 of 2nd period - Shot Misses the Net.
3:02 of 2nd period - Shot by Nick Bjugstad.
3:02 of 2nd period - Deflect By Luke Glendening.
3:02 of 2nd period - Goal by Luke Glendening - SPOKANE KNIGHTS : 1 - TEXAS TOROS : 0.
3:03 of 2nd period - Maxim Mamin wins face-off versus Trevor Zegras in neutral zone.
3:14 of 2nd period - Shot by Tanner Pearson.
3:14 of 2nd period - Stopped by Adin Hill without a rebound.
3:15 of 2nd period - Connor Bunnaman wins face-off versus Mitchell Stephens in TEXAS TOROS zone.
3:30 of 2nd period - Shot by Cale Makar.
3:30 of 2nd period - Stopped by Adin Hill without a rebound.
3:31 of 2nd period - Trevor Zegras wins face-off versus Alex Formenton in TEXAS TOROS zone.
3:56 of 2nd period - Shot by Sebastian Aho.
3:56 of 2nd period - Shot Misses the Net.
3:58 of 2nd period - Shot by Erik Brannstrom.
3:58 of 2nd period - Stopped by Adin Hill without a rebound.
3:59 of 2nd period - Eetu Luostarinen wins face-off versus Maxim Mamin in TEXAS TOROS zone.
4:28 of 2nd period - Shot by Tanner Pearson.
4:28 of 2nd period - Shot Blocked by Dante Fabbro.
5:18 of 2nd period - Jason Zucker is hit by Nicolas Deslauriers and loses puck.
5:26 of 2nd period - Trevor Zegras is hit by Nicolas Deslauriers and loses puck.
5:37 of 2nd period - Shot by Vladislav Namestnikov.
5:37 of 2nd period - Stopped by Frederik Andersen with a rebound.
6:27 of 2nd period - Shot by Nick Bjugstad.
6:27 of 2nd period - Deflect By Luke Glendening.
6:27 of 2nd period - Stopped by Adin Hill without a rebound.
6:28 of 2nd period - Ryan Poehling wins face-off versus Maxim Mamin in TEXAS TOROS zone.
6:38 of 2nd period - Shot by Taylor Raddysh.
6:38 of 2nd period - Shot Misses the Net.
7:35 of 2nd period - Tanner Pearson is hit by Vladislav Namestnikov.
7:36 of 2nd period - Icing by Tanner Pearson.
7:37 of 2nd period - Maxim Mamin wins face-off versus Miles Wood in SPOKANE KNIGHTS zone.
7:37 of 2nd period - Maxim Mamin is hit by Miles Wood.
8:39 of 2nd period - Shot by Vladislav Namestnikov.
8:39 of 2nd period - Deflect By Jason Zucker.
8:39 of 2nd period - Stopped by Frederik Andersen without a rebound.
8:40 of 2nd period - Sebastian Aho wins face-off versus Taylor Raddysh in SPOKANE KNIGHTS zone.
9:23 of 2nd period - Icing by Dante Fabbro.
9:24 of 2nd period - Eetu Luostarinen wins face-off versus Mitchell Stephens in TEXAS TOROS zone.
9:24 of 2nd period - Eetu Luostarinen is hit by Dmitri Jaskin.
9:33 of 2nd period - Tyson Barrie is hit by Cale Makar and loses puck.
10:04 of 2nd period - Nate Schmidt is hit by Joseph Veleno.
11:56 of 2nd period - Shot by Trevor Zegras.
11:56 of 2nd period - Stopped by Frederik Andersen without a rebound.
11:57 of 2nd period - Trevor Zegras wins face-off versus Luke Glendening in SPOKANE KNIGHTS zone.
12:10 of 2nd period - Icing by Luke Glendening.
12:11 of 2nd period - Luke Glendening wins face-off versus Connor Bunnaman in SPOKANE KNIGHTS zone.
12:45 of 2nd period - Icing by Cale Makar.
12:46 of 2nd period - Luke Glendening wins face-off versus Vladislav Namestnikov in SPOKANE KNIGHTS zone.
13:33 of 2nd period - Corey Perry is hit by Trevor Zegras and loses puck.
13:39 of 2nd period - Off-side.
13:40 of 2nd period - Nick Foligno wins face-off versus Eetu Luostarinen in neutral zone.
14:23 of 2nd period - Icing by Dante Fabbro.
14:24 of 2nd period - Eetu Luostarinen wins face-off versus Mitchell Stephens in TEXAS TOROS zone.
15:16 of 2nd period - Alex Formenton is hit by Miles Wood and loses puck.
15:52 of 2nd period - Icing by Sebastian Aho.
15:53 of 2nd period - Sebastian Aho wins face-off versus Trevor Zegras in SPOKANE KNIGHTS zone.
16:14 of 2nd period - Shot by Vladislav Namestnikov.
16:14 of 2nd period - Deflect By Trevor Zegras.
16:14 of 2nd period - Stopped by Frederik Andersen without a rebound.
16:15 of 2nd period - Maxim Mamin wins face-off versus Eetu Luostarinen in SPOKANE KNIGHTS zone.
16:15 of 2nd period - Maxim Mamin is hit by Barrett Hayton.
16:25 of 2nd period - Eetu Luostarinen is hit by Maxim Mamin and loses puck.
16:42 of 2nd period - Cale Makar is hit by Taylor Raddysh and loses puck.
16:54 of 2nd period - Off-side.
16:55 of 2nd period - Mitchell Stephens wins face-off versus Trevor Zegras in neutral zone.
17:04 of 2nd period - Shot by Mitchell Stephens.
17:04 of 2nd period - Stopped by Adin Hill without a rebound.
17:05 of 2nd period - Luke Glendening wins face-off versus Trevor Zegras in TEXAS TOROS zone.
17:11 of 2nd period - Luke Glendening is hit by Nate Schmidt and loses puck.
17:20 of 2nd period - Shot by Vladislav Namestnikov.
17:20 of 2nd period - Shot Misses the Net.
17:22 of 2nd period - Shot by Ryan Suter.
17:22 of 2nd period - Shot Misses the Net.
17:26 of 2nd period - Shot by Trevor Zegras.
17:26 of 2nd period - Stopped by Frederik Andersen with a rebound.
17:34 of 2nd period - Trevor Zegras is hit by Nicolas Deslauriers and loses puck.
18:09 of 2nd period - Shot by Barrett Hayton.
18:09 of 2nd period - Stopped by Frederik Andersen without a rebound.
18:10 of 2nd period - Sebastian Aho wins face-off versus Yegor Chinakhov in SPOKANE KNIGHTS zone.
18:30 of 2nd period - Shot by Corey Perry.
18:30 of 2nd period - Deflect By Sebastian Aho.
18:30 of 2nd period - Shot Misses the Net.
18:32 of 2nd period - Shot by Sebastian Aho.
18:32 of 2nd period - Goal by Sebastian Aho - SPOKANE KNIGHTS : 2 - TEXAS TOROS : 0.
18:33 of 2nd period - Eetu Luostarinen wins face-off versus Maxim Mamin in neutral zone.
18:55 of 2nd period - Barrett Hayton is hit by Kris Russell and loses puck.
Goals for this period are 2 for SPOKANE KNIGHTS vs 0 for TEXAS TOROS.
Shots for this period are 10 for SPOKANE KNIGHTS vs 6 for TEXAS TOROS.

3rd period


0:01 of 3rd period - Ryan Poehling wins face-off versus Sebastian Aho in neutral zone.
0:14 of 3rd period - Shot by Brandon Duhaime.
0:14 of 3rd period - Stopped by Frederik Andersen without a rebound.
0:15 of 3rd period - Nick Foligno wins face-off versus Trevor Zegras in SPOKANE KNIGHTS zone.
0:49 of 3rd period - Shot by Vladislav Namestnikov.
0:49 of 3rd period - Shot Misses the Net.
0:51 of 3rd period - Shot by Vladislav Namestnikov.
0:51 of 3rd period - Stopped by Frederik Andersen with a rebound.
1:19 of 3rd period - Shot by Sebastian Aho.
1:19 of 3rd period - Stopped by Adin Hill without a rebound.
1:20 of 3rd period - Connor Bunnaman wins face-off versus Sebastian Aho in TEXAS TOROS zone.
1:22 of 3rd period - Icing by Tyson Barrie.
1:23 of 3rd period - Sebastian Aho wins face-off versus Connor Bunnaman in TEXAS TOROS zone.
1:40 of 3rd period - Icing by Tyson Barrie.
1:41 of 3rd period - Connor Bunnaman wins face-off versus Mitchell Stephens in TEXAS TOROS zone.
1:41 of 3rd period - Tyson Barrie is hit by Dmitri Jaskin and loses puck.
1:45 of 3rd period - Dante Fabbro is hit by Dmitri Jaskin and loses puck.
1:52 of 3rd period - Mitchell Stephens is hit by Miles Wood and loses puck.
1:54 of 3rd period - Minor Penalty to Nicolas Deslauriers for Hooking.
1:55 of 3rd period - Luke Glendening wins face-off versus Trevor Zegras in SPOKANE KNIGHTS zone.
3:04 of 3rd period - Icing by Tyson Barrie.
3:05 of 3rd period - Eetu Luostarinen wins face-off versus Luke Glendening in TEXAS TOROS zone.
5:09 of 3rd period - Shot by Nick Foligno.
5:09 of 3rd period - Stopped by Adin Hill with a rebound.
6:03 of 3rd period - Shot by Vladislav Namestnikov.
6:03 of 3rd period - Shot Misses the Net.
6:05 of 3rd period - Shot by Ryan Suter.
6:05 of 3rd period - Shot Blocked by Kris Russell.
6:14 of 3rd period - Icing by Kris Russell.
6:15 of 3rd period - Mitchell Stephens wins face-off versus Eetu Luostarinen in SPOKANE KNIGHTS zone.
6:20 of 3rd period - Eetu Luostarinen is hit by Dmitri Jaskin and loses puck.
7:28 of 3rd period - Icing by Erik Brannstrom.
7:29 of 3rd period - Mitchell Stephens wins face-off versus Ryan Poehling in SPOKANE KNIGHTS zone.
7:29 of 3rd period - Mitchell Stephens is hit by Brandon Duhaime.
9:08 of 3rd period - Owen Power is hit by Nicolas Deslauriers and loses puck.
10:39 of 3rd period - Sebastian Aho is hit by Jason Zucker and loses puck.
11:23 of 3rd period - Luke Glendening is hit by Tyson Barrie.
11:47 of 3rd period - Off-side.
11:48 of 3rd period - Trevor Zegras wins face-off versus Maxim Mamin in neutral zone.
12:27 of 3rd period - Icing by Nate Schmidt.
12:28 of 3rd period - Trevor Zegras wins face-off versus Mitchell Stephens in TEXAS TOROS zone.
12:28 of 3rd period - Trevor Zegras is hit by Dmitri Jaskin.
12:54 of 3rd period - Dante Fabbro is hit by Nicolas Deslauriers and loses puck.
12:58 of 3rd period - Connor Bunnaman is hit by Nicolas Deslauriers.
13:46 of 3rd period - Icing by Barrett Hayton.
13:47 of 3rd period - Sebastian Aho wins face-off versus Eetu Luostarinen in TEXAS TOROS zone.
14:29 of 3rd period - Icing by Evan Bouchard.
14:30 of 3rd period - Yegor Chinakhov wins face-off versus Sebastian Aho in SPOKANE KNIGHTS zone.
14:54 of 3rd period - Off-side.
14:55 of 3rd period - Maxim Mamin wins face-off versus Trevor Zegras in neutral zone.
14:57 of 3rd period - Off-side.
14:58 of 3rd period - Nick Foligno wins face-off versus Trevor Zegras in neutral zone.
15:43 of 3rd period - Icing by Kris Russell.
15:44 of 3rd period - Connor Bunnaman wins face-off versus Maxim Mamin in SPOKANE KNIGHTS zone.
16:02 of 3rd period - Tanner Pearson is hit by Ryan Suter and loses puck.
16:48 of 3rd period - Icing by Cale Makar.
16:49 of 3rd period - Alex Formenton wins face-off versus Vladislav Namestnikov in SPOKANE KNIGHTS zone.
17:27 of 3rd period - Shot by Trevor Zegras.
17:27 of 3rd period - Stopped by Frederik Andersen without a rebound.
17:28 of 3rd period - Luke Glendening wins face-off versus Eetu Luostarinen in SPOKANE KNIGHTS zone.
17:33 of 3rd period - Shot by Barrett Hayton.
17:33 of 3rd period - Stopped by Frederik Andersen without a rebound.
17:34 of 3rd period - Eetu Luostarinen wins face-off versus Luke Glendening in SPOKANE KNIGHTS zone.
17:41 of 3rd period - Shot by Barrett Hayton.
17:41 of 3rd period - Stopped by Frederik Andersen without a rebound.
17:42 of 3rd period - Eetu Luostarinen wins face-off versus Maxim Mamin in SPOKANE KNIGHTS zone.
18:19 of 3rd period - Shot by Eetu Luostarinen.
18:19 of 3rd period - Shot Misses the Net.
18:21 of 3rd period - Shot by Eetu Luostarinen.
18:21 of 3rd period - Shot Misses the Net.
18:23 of 3rd period - Shot by Ryan Suter.
18:23 of 3rd period - Stopped by Frederik Andersen with a rebound.
19:12 of 3rd period - Shot by Jimmy Vesey.
19:12 of 3rd period - Shot Blocked by Tyson Barrie.
19:14 of 3rd period - Shot by Jimmy Vesey.
19:14 of 3rd period - Shot Misses the Net.
19:21 of 3rd period - Icing by Dante Fabbro.
19:22 of 3rd period - Sebastian Aho wins face-off versus Trevor Zegras in TEXAS TOROS zone.
19:27 of 3rd period - Shot by Sebastian Aho.
19:27 of 3rd period - Stopped by Adin Hill without a rebound.
19:28 of 3rd period - Connor Bunnaman wins face-off versus Sebastian Aho in TEXAS TOROS zone.
Goals for this period are 0 for SPOKANE KNIGHTS vs 0 for TEXAS TOROS.
Shots for this period are 3 for SPOKANE KNIGHTS vs 6 for TEXAS TOROS.


RYAN
NUGENT-HOPKINS
THATCHER
DEMKO
MITCHELL
MARNER

EAST COAST

HOCKEY LEAGUE

  • 13.MAN3PIT5
  • 14.NHW2ATL3
  • 15.PET5WOR4
  • 16.RHI30
  • 17.QUECHI
  • 18.CHALIM
  • 19.TRVLON
  • 20.CHWBAL